 Dungeon Crawl Stone Soup version 0.27-a0-774-g3e622ea735 (console) character file.

Game seed: 11084611440376294517

2405 Gather the Chiller (level 9, -2/56 (57) HPs)
             Began as an Octopode Ice Elementalist on Mar 23, 2021.
             Was a Follower of Elyvilon.
             Slain by a wyvern (19 damage)
             ... on level 7 of the Dungeon on Mar 25, 2021.
             The game lasted 00:57:07 (12211 turns).

Gather the Chiller (Octopode Ice Elementalist)     Turns: 12211, Time: 00:57:07

HP:   -2/56 (57)    AC:  1    Str:  8    XL:     9   Next: 47%
MP:   15/15         EV: 14    Int: 18    God:    Elyvilon [*.....]
Gold: 409           SH:  0    Dex: 14    Spells: 1/16 levels left

rFire    . . .     SeeInvis +   o - +2 dagger (venom)
rCold    . . .     Faith    .   (no shield)
rNeg     + . .     Spirit   .   (helmet restricted)
rPois    .         Reflect  .   (no amulet)
rElec    .         Harm     .   f - ring of wizardry
rCorr    +         Rampage  .   l - ring of positive energy
Will     .....                  i - ring of see invisible
Stlth    ++++......             n - ring of resist corrosion
HPRegen  0.18/turn              (no ring)
MPRegen  0.14/turn              (no ring)
                                (no ring)
                                (no ring)

@: divinely protected, marked, lightly drained
A: almost no armour, amphibious, 8 rings, camouflage 1, gelatinous body 1,
nimble swimmer 1, tentacles
a: Renounce Religion, Lesser Healing, Divine Protection


You were on level 7 of the Dungeon.
You worshipped Elyvilon.
Elyvilon was aware of your devotion.
You visited 2 branches of the dungeon, and saw 8 of its levels.

You collected 409 gold pieces.

Inventory:

Hand Weapons
 c - a +0 mace
 d - a +0 dagger
 g - a +0 whip
 j - a +0 falchion
 o - a +2 dagger of venom (weapon)
Missiles
 b - 40 bolts
 h - 25 boomerangs
 k - 73 arrows
 s - 15 poisoned darts (quivered)
Jewellery
 f - a ring of wizardry (left tentacle)
 i - a ring of see invisible (on tentacle)
 l - a ring of positive energy (right tentacle)
 n - a ring of resist corrosion (on tentacle)
 u - an amulet of faith
Wands
 m - a wand of mindburst (7)
 q - a wand of acid (10)
 x - a wand of digging (7)
Scrolls
 v - a scroll of magic mapping
Potions
 a - a potion of mutation
 e - 3 potions of curing
 p - a potion of magic
 t - a potion of might


   Skills:
 + Level 3.3 Fighting
 + Level 4.6 Dodging
 - Level 5.9 Stealth
 + Level 2.5 Unarmed Combat
 + Level 4.0 Spellcasting
 - Level 5.9 Summonings
 - Level 4.2 Transmutations
 - Level 6.3 Ice Magic
 - Level 1.8 Invocations


You had one spell level left.
You knew the following spells:

 Your Spells              Type           Power      Damage    Failure   Level
a - Freeze                Ice            100%       1d11      1%          1
b - Summon Ice Beast      Ice/Summ       25%        N/A       4%          4
f - Ice Form              Ice/Tmut       22%        N/A       7%          4
i - Ozocubu's Armour      Ice            26%        N/A       1%          3
x - Frozen Ramparts       Ice            52%        1d7       1%          3

Your spell library contained the following spells:

 Spells                   Type           Power      Damage    Failure   Level
 Beastly Appendage        Tmut           36%        N/A       1%          1
 Summon Small Mammal      Summ           100%       N/A       1%          1
 Corona                   Hex            3%         N/A       6%          1
 Call Imp                 Summ           25%        N/A       1%          2
 Wereblood                Tmut           18%        N/A       1%          2
 Call Canine Familiar     Summ           25%        N/A       1%          3
 Ensorcelled Hibernation  Hex/Ice        30%        N/A       2%          2
 Summon Guardian Golem    Hex/Summ       14%        N/A       5%          3
 Spider Form              Tmut/Pois      5%         N/A       8%          3
 Hailstorm                Conj/Ice       15%        3d5       16%         4
 Confusing Touch          Hex            3%         N/A       17%         3
 Dazzling Flash           Conj/Hex       6%         N/A       17%         3
 Tukima's Dance           Hex            3%         N/A       17%         3
 Summon Lightning Spire   Summ/Air       14%        N/A       17%         4
 Blade Hands              Tmut           9%         N/A       28%         5


Dungeon Overview and Level Annotations

Branches:
Dungeon (7/15)             Temple (1/1) D:6

Altars:
Ashenzari
Cheibriados
Dithmenos
Elyvilon
Fedhas
Kikubaaqudgha
Makhleb
Nemelex Xobeh
Okawaru
Qazlal
Ru
Sif Muna
Uskayaw
Vehumet
Wu Jian
Xom
Yredelemnul
Zin

Shops:
D:1 [   D:2 [(((

Annotations:
D:3 3 runed translucent doors, polve's ghost, amateur DsAK
D:7 Joseph; Maggie


Innate Abilities, Weirdness & Mutations

You cannot wear most types of armour.
You are amphibious.
You can wear up to eight rings at the same time.
Your skin changes colour to match your surroundings (Stealth+).
Your rubbery body absorbs attacks. (AC +1, EV +1)
You are stealthy while swimming. (Stealth+)
You have tentacles for arms and can constrict up to eight enemies at once.


Message History

Okay, then.
Aiming: Dig
Press: ? - help, Shift-Dir - straight line A rock wall.
The rock shatters into small pieces.
The wyvern misses you. The wyvern bites you.
A kobold comes into view. It is wielding a +0 whip.
Maggie mumbles some strange words.
Maggie attempts to bespell you! You resist with almost no effort.
The wyvern bites you!
An iguana comes into view.
A kobold comes into view. It is wielding a +0 club.
The wyvern closely misses you.
Maggie mumbles some strange words.
Maggie attempts to bespell you!
You are mesmerised by Maggie!
A kobold brigand comes into view.
It is wielding a +0 short sword and quivering poisoned darts.
You cannot move away from Maggie!
Okay, then.
Okay, then.
As you read the scroll labelled COPLEK BEFAYCY, it crumbles to dust.
It is a scroll of amnesia.
Really abort (and waste the scroll)? [Y]es or [N]o only, please.
Really abort (and waste the scroll)?
Okay, then.
The wyvern completely misses you. The wyvern bites you!
* * * LOW HITPOINT WARNING * * *
You beseech Elyvilon to protect your life.
The wyvern bites you.
* * * LOW HITPOINT WARNING * * *
Maggie mutters to herself, "Master Lance won't take me back.
This is the way forward."
You cannot move away from Maggie!
You cannot move away from Maggie!
Okay, then.
You feel better. The wyvern barely misses you.
You break out of your daze!
The wyvern completely misses you.
Joseph, a Mercenary comes into view.
He is wielding a +0 quarterstaff.
The wyvern bites you!!
You die...

##..#...........#####...#######..
#.##....................§§..?...
##.##....................§§......
........................§§§§..@..
..............#).........§§§...##
##..#.........#####...#.#####....
##...........# ###.K@########.
##..........# ##l.......# (
##.....)..?..### ##.##..###..#
#..##.....<....###Kz.........#
##.####.....###.@l@#...........
...# ###.### ###............#.
.### #.# #.###..........# ## #.#
#.# #........... ### #.# ##
#.........#z ..### #.#
#.....(...# #...## #.#
#.......... ###..## #.#
#......... ##..###.# #########
##.....# ####..#


You could see Maggie, a wyvern, a wight and a kobold.

Vanquished Creatures
  A steam dragon (D:6)
  Duvessa (D:6)
  2 orc warriors (D:6)
  A sky beast (D:5)
  An ice beast (D:6)
  A necrophage (D:6)
  2 ogres
  A kobold brigand (D:6)
  2 bullfrogs
  Dowan (D:6)
  4 killer bees (D:7)
  2 wights (D:6)
  A howler monkey (D:5)
  A nameless horror (D:7)
  2 hounds
  2 jellies
  A bullfrog skeleton (D:4)
  4 orc wizards
  3 removed worker ants
  Natasha (D:2)
  2 iguanas
  Robin (D:3)
  6 adders
  4 gnolls (D:6)
  A white imp (D:6)
  3 ufetubi
  2 worms (D:2)
  27 orcs
  2 bats
  6 endoplasms
  5 giant cockroaches
  12 goblins
  9 hobgoblins
  5 jackals
  7 kobolds
  10 quokkas
  7 ball pythons
  2 frilled lizards (D:2)
  A jackal zombie (D:6)
  A quokka skeleton (D:5)
  4 rats
151 creatures vanquished.

Vanquished Creatures (collateral kills)
  Grinder (D:6)
  2 orc warriors
  An ogre (D:5)
  A bullfrog (D:5)
  3 orc priests (D:6)
  A jelly (D:6)
  An iguana (D:6)
  A hound skeleton (D:6)
  5 orcs (D:6)
16 creatures vanquished.

Grand Total: 167 creatures vanquished

Notes
Turn   | Place    | Note
-------+----------+-------------------------------------------
     0 | D:1      | Gather the Octopode Ice Elementalist began the quest for
                  | the Orb.
     0 | D:1      | Reached XP level 1. HP: 11/11 MP: 3/3
   479 | D:1      | Reached XP level 2. HP: 14/17 MP: 1/5
   768 | D:1      | Found Rugy's Armour Shop.
  1126 | D:1      | Reached XP level 3. HP: 21/21 MP: 4/6
  1130 | D:1      | Learned a level 3 spell: Frozen Ramparts
  1403 | D:2      | Reached skill level 5 in Ice Magic
  1625 | D:2      | Found Ibbeir's Weapon Shoppe.
  1967 | D:2      | Noticed a bullfrog
  1974 | D:2      | Killed a bullfrog
  1975 | D:2      | Reached skill level 1 in Fighting
  1975 | D:2      | Reached XP level 4. HP: 18/28 MP: 0/7
  2097 | D:2      | Noticed Natasha
  2102 | D:2      | Killed Natasha
  2103 | D:2      | Reached XP level 5. HP: 32/34 MP: 6/8
  2206 | D:2      | Found Yzyracvu's Antique Weapon Emporium.
  2306 | D:2      | Found a shimmering altar of Xom.
  2306 | D:2      | Found a burning altar of Makhleb.
  2443 | D:2      | Learned a level 3 spell: Ozocubu's Armour
  2558 | D:2      | Found Weec's Armour Shop.
  2676 | D:2      | Found Budya's Antique Weapon Shop.
  2947 | D:3      | Noticed a +0 falchion
  2948 | D:3      | Noticed a +0 spear
  2948 | D:3      | Noticed a +0 short sword
  2948 | D:3      | Noticed a +0 spear
  2948 | D:3      | Noticed a +0 falchion
  2949 | D:3      | Noticed a +0 dagger
  2949 | D:3      | Noticed a +0 dagger
  2949 | D:3      | Noticed a +0 short sword
  2963 | D:3      | Found a hide-covered altar of Uskayaw.
  2993 | D:3      | Found a blossoming altar of Fedhas.
  3412 | D:3      | Noticed Robin
  3416 | D:3      | Killed Robin
  3651 | D:3      | Found a runed translucent gate.
  3651 | D:3      | Found a runed translucent gate.
  3746 | D:3      | Found a runed translucent gate.
  3748 | D:3      | Noticed polve's ghost (amateur DsAK)
  4192 | D:4      | Noticed an ogre
  4209 | D:4      | Killed an ogre
  4210 | D:4      | Reached XP level 6. HP: 41/41 MP: 0/9
  4328 | D:4      | Reached skill level 5 in Stealth
  5130 | D:4      | Reached XP level 7. HP: 45/45 MP: 3/10
  5437 | D:4      | Upgraded the game from 0.27-a0-720-g3f424a255b to
                  | 0.27-a0-752-gc3205288ea
  5503 | D:5      | Entered Level 5 of the Dungeon
  5517 | D:5      | Identified the +0 war axe of Defence by Offence {pain,
                  | Will+}
  5646 | D:5      | Reached skill level 6 in Ice Magic
  5653 | D:5      | Learned a level 4 spell: Summon Ice Beast
  6077 | D:5      | Reached skill level 1 in Summonings
  6946 | D:6      | Noticed Duvessa
  6957 | D:6      | Noticed Dowan
  7010 | D:6      | Killed Duvessa
  7011 | D:6      | Reached XP level 8. HP: 40/51 MP: 3/12
  7107 | D:6      | Killed Dowan
  7221 | D:6      | Found a staircase to the Ecumenical Temple.
  7228 | Temple   | Entered the Ecumenical Temple
  7280 | Temple   | Became a worshipper of Elyvilon the Healer
  7389 | D:6      | Found a sacrificial altar of Ru.
  7758 | D:6      | Noticed Grinder
  7765 | D:6      | Killed Grinder
  7766 | D:6      | Reached skill level 5 in Summonings
  7945 | D:5      | Elyvilon protects you from harm!
  7959 | D:4      | Upgraded the game from 0.27-a0-752-gc3205288ea to
                  | 0.27-a0-774-g3e622ea735
  8888 | D:6      | Learned a level 4 spell: Ice Form
  9242 | D:6      | Found an ornate altar of the Wu Jian Council.
  9351 | D:6      | Reached skill level 1 in Transmutations
  9601 | D:6      | Reached * piety under Elyvilon
  9828 | D:6      | Reached XP level 9. HP: 55/55 MP: 11/15
 10765 | D:6      | Reached skill level 1 in Unarmed Combat
 10765 | D:6      | Reached skill level 1 in Invocations
 11060 | D:7      | HP: 3/66 [wyvern (9)]
 12175 | D:7      | Noticed Maggie
 12210 | D:7      | Noticed Joseph
 12211 | D:7      | Slain by a wyvern

Illustrated notes

Levels and vault maps discovered:
D:1:      wander_arrival_peaceful_grave, layout_basic, serial_shops, shop
D:2:      layout_loops_ring, gammafunk_temple_overflow_wave, serial_shops, shop,
          nicolae_shop_behind_doors, nicolae_shop_statue_plus, shop,
          uniq_natasha
D:3:      layout_loops_ring, nicolae_uskayaw_en_pointe, fedhas_altar_4,
          ebering_ghost_rock_garden, lightli_corner_chamber, uniq_robin
D:4:      layout_cave_pools, serial_rivers, chequers_serial_rivers_large_b,
          chequers_serial_rivers_marsh, chequers_serial_rivers_room_a,
          chequers_serial_rivers_micro_d
D:5:      layout_loops_ring
D:6:      minmay_spotlight, layout_basic, nicolae_wu_jian_wuxing_cycle,
          temple_fountains, st_stairs_11, hangedman_ru_absence, uniq_grinder,
          uniq_duvessa
D:7:      layout_rooms, nicolae_hepliaklqana_hippocampus, uniq_maggie,
          uniq_joseph
Temple:   cyrus_circular_temple

Skill      XL: |  1  2  3  4  5  6  7  8  9 |
---------------+----------------------------+-----
Ice Magic      | 5 6 |  6.3
Fighting       | 1 2 3 |  3.3
Stealth        | 3 4 5 |  5.9
Dodging        | 3 4 |  4.6
Spellcasting   | 3 4 |  4.0
Summonings     | 3 5 |  5.9
Transmutations | 2 4 |  4.2
Unarmed Combat | 2 |  2.5
Invocations    | 1 |  1.8

Action                   |  1- 3 |  4- 6 |  7- 9 || total
-------------------------+-------+-------+-------++-------
Melee: Unarmed           |     5 |       |    30 ||    35
       Constrict         |     5 |    12 |    24 ||    41
       Mace              |     8 |       |       ||     8
       Tentacles         |     3 |    10 |    17 ||    30
       Whip              |     3 |       |       ||     3
       Dagger            |     8 |    51 |    86 ||   145
Throw: Boomerang         |     5 |     9 |     2 ||    16
       Dart              |       |       |     4 ||     4
 Cast: Freeze            |    32 |    15 |     4 ||    51
       Frozen Ramparts   |     6 |    18 |    29 ||    53
       Ozocubu's Armour  |       |    11 |    20 ||    31
       Summon Ice Beast  |       |       |    54 ||    54
       Ice Form          |       |       |    13 ||    13
Invok: Divine Protection |       |       |     1 ||     1
       Lesser Healing    |       |       |     1 ||     1
Evoke: Wand              |       |       |     3 ||     3
  Use: Potion            |       |     2 |     3 ||     5
       Scroll            |       |       |     9 ||     9
 Stab: Sleeping          |    10 |    14 |     6 ||    30
       Distracted        |       |       |     1 ||     1
Armor: Skin              |     3 |     6 |    29 ||    38
Dodge: Dodged            |    28 |    25 |    96 ||   149

Table legend: (Time is in decaauts)
 A = Elapsed time spent in this place.
 B = Non-inter-level travel time spent in this place.
 C = Inter-level travel time spent in this place.
 D = Time resting spent in this place.
 E = Time spent auto-exploring this place.
 F = Levels seen in this place.
 G = Mean time per level.
                   A        B        C        D        E       F      G
               +--------+--------+--------+--------+--------+-----+--------+
         Total |  12237 |  11685 |    552 |   3245 |   6272 |   8 | 1529.6 |
       Dungeon |  12176 |  11632 |    544 |   3245 |   6229 |   7 | 1739.4 |
        Temple |     61 |     53 |      8 |      0 |     43 |   1 |   61.0 |
               +--------+--------+--------+--------+--------+-----+--------+

Top non-repeatable levels by time:
     D:6: 3763 daAuts
     D:3: 1812 daAuts
     D:5: 1768 daAuts
     D:2: 1554 daAuts
     D:4: 1428 daAuts
     D:1: 1341 daAuts
     D:7: 507 daAuts
  Temple: 61 daAuts
